 Dungeon Sprint DCSS version 0.22-a0-848-ge9e22a0 (webtiles) character file.

1000 Krakonus1 the Imperceptible (level 8, -8/55 HPs)
             Began as a Vampire Assassin on July 26, 2018.
             Was a Believer of Dithmenos.
             Mangled by a catoblepas (14 damage)
             ... in the Dungeon (Sprint IX: "|||||||||||||||||||||||||||||").
             The game lasted 00:06:27 (1150 turns).

Krakonus1 the Imperceptible (Vampire Assassin)      Turns: 1150, Time: 00:06:28

Health: -8/55      AC:  6    Str: 10    XL:     8   Next: 0%
Magic:  8/8        EV:  2    Int: 13    God:    Dithmenos [**....]
Gold:   0          SH:  0    Dex: 21    Spells: 7/7 levels left

rFire    . . .     SeeInvis +   s - +2 rapier (drain)
rCold    + + .     Gourm    .   (no shield)
rNeg     + + +     Faith    .   c - +0 robe
rPois    ∞         Spirit   .   t - +0 helmet
rElec    .         Reflect  .   d - +0 cloak
rCorr    .         Harm     .   (no gloves)
MR       .....     NoTele   +   (no boots)
Stlth    ++++++++++             (no amulet)
HPRegen  0.00/turn              w - +3 ring of dexterity
MPRegen  0.11/turn              x - +2 ring of protection

@: petrified, very slightly contaminated, bloodless, non-regenerating, hasted,
wreathed by umbra
A: fangs 3, see invisible, unbreathing
a: Bat Form, Shadow Step, Renounce Religion


You were in the Dungeon.
You worshipped Dithmenos.
Dithmenos was pleased with you.
You were bloodless.

You visited 1 branch

Inventory:

Hand Weapons
 a - a +2 dagger
 b - a +0 blowgun
 s - a +2 rapier of draining (weapon)
 y - a +0 shortbow
Missiles
 e - 8 poisoned needles
 f - 2 curare-tipped needles
 n - 25 arrows
Armour
 c - a +0 robe (worn)
 d - a +0 cloak (worn)
 t - a +0 helmet (worn)
 u - a +0 cloak
 v - a +2 ring mail
Magical Staves
 r - an uncursed staff of energy
Jewellery
 w - a +3 ring of dexterity (left hand)
 x - a +2 ring of protection (right hand)
Wands
 q - a wand of acid (10)
Scrolls
 o - 3 scrolls of remove curse
 p - 2 scrolls of amnesia
Potions
 g - 7 potions of blood
 h - 5 potions of curing
 i - a potion of heal wounds
 k - 4 potions of magic
 l - a potion of berserk rage


   Skills:
 - Level 1.7 Fighting
 - Level 2.1 Short Blades
 - Level 1.5 Throwing
 - Level 1.1 Dodging
 * Level 23.7 Stealth


You had 7 spell levels left.
You didn't know any spells.
Your spell library was empty.

Dungeon Overview and Level Annotations

Branches:
Dungeon (1/1)

Altars:
Cheibriados
Dithmenos
Elyvilon
Fedhas
Gozag
Hepliaklqana
Kikubaaqudgha
Makhleb
Nemelex Xobeh
Okawaru
Qazlal
Ru
Sif Muna
Trog
Uskayaw
Vehumet
Wu Jian
Xom
Yredelemnul
Zin
The Shining One
Beogh
Jiyva
Lugonu


Innate Abilities, Weirdness & Mutations

You do not heal naturally.
You are immune to poison.
You have razor-sharp teeth.
You have supernaturally acute eyesight. (SInv)
You can survive without breathing.


Message History

You kill the centaur!
Dithmenos accepts your kill.
You have reached level 8!
You feel much better.
You hit the catoblepas but do no damage.
The catoblepas breathes a plume of calcifying dust at you.
The blast of calcifying dust hits you!
You hit the catoblepas but do no damage.
You are engulfed in calcifying dust.
You are slowing down.
You hit the catoblepas but do no damage.
You are engulfed in calcifying dust.
Your limbs have turned to stone.
The catoblepas gores you!
You have turned to stone.
You are engulfed in calcifying dust.
The catoblepas gores you!!
You are engulfed in calcifying dust.
The catoblepas gores you!!
* * * LOW HITPOINT WARNING * * *
You are engulfed in calcifying dust.
The catoblepas gores you.
* * * LOW HITPOINT WARNING * * *
You are engulfed in calcifying dust.
The catoblepas gores you!!
You die...

▓.▓
▓†▓
▓.▓
▓.▓
▓.▓
▓)▓
▓.▓
▓Y▓
▓@▓
▓.▓
▓.▓
▓.▓
▓§▓
▓.▓
▓(▓
▓.▓
▓.▓


You could see a catoblepas.

Vanquished Creatures
  A gargoyle (D)
  A sky beast (D)
  A phantom (D)
  3 centaurs (D)
  A crocodile (D)
  A scorpion (D)
  A crimson imp (D)
  A hound (D)
  A worker ant (D)
  An adder (D)
  A leopard gecko (D)
  A hobgoblin (D)
  A jackal (D)
  A frilled lizard (D)
  2 kobolds (D)
  A leopard gecko skeleton (D)
19 creatures vanquished.

Vanquished Creatures (others)
  A troll (D)
  A hungry ghost (D)
2 creatures vanquished.

Grand Total: 21 creatures vanquished

Notes
Turn   | Place    | Note
-------+----------+-------------------------------------------
     0 | D        | Krakonus1 the Vampire Assassin began the quest for the Orb.
     0 | D        | Reached XP level 1. HP: 16/16 MP: 1/1
     6 | D        | Reached skill level 6 in Stealth
     9 | D        | Reached skill level 7 in Stealth
    20 | D        | Reached skill level 8 in Stealth
   243 | D        | Noticed a hound
   243 | D        | Noticed a crimson imp
   245 | D        | Killed a crimson imp
   245 | D        | Reached skill level 11 in Stealth
   245 | D        | Reached XP level 2. HP: 22/22 MP: 2/2
   245 | D        | Reached XP level 3. HP: 27/27 MP: 3/3
   255 | D        | Reached skill level 13 in Stealth
   255 | D        | Reached XP level 4. HP: 14/33 MP: 4/4
   514 | D        | Found a roughly hewn altar of Beogh.
   514 | D        | Found a snail-covered altar of Cheibriados.
   514 | D        | Found a shadowy altar of Dithmenos.
   514 | D        | Found a white marble altar of Elyvilon.
   514 | D        | Found a blossoming altar of Fedhas.
   514 | D        | Found an opulent altar of Gozag.
   515 | D        | Found a hazy altar of Hepliaklqana.
   516 | D        | Found a viscous altar of Jiyva.
   517 | D        | Found an ancient bone altar of Kikubaaqudgha.
   518 | D        | Found a corrupted altar of Lugonu.
   519 | D        | Became a worshipper of Dithmenos the Shadowed
   520 | D        | Found a burning altar of Makhleb.
   521 | D        | Found a sparkling altar of Nemelex Xobeh.
   522 | D        | Found an iron altar of Okawaru.
   523 | D        | Found a stormy altar of Qazlal.
   524 | D        | Found a sacrificial altar of Ru.
   525 | D        | Found a deep blue altar of Sif Muna.
   526 | D        | Found a bloodstained altar of Trog.
   527 | D        | Found a hide-covered altar of Uskayaw.
   528 | D        | Found a radiant altar of Vehumet.
   529 | D        | Found an ornate altar of the Wu Jian Council.
   530 | D        | Found a shimmering altar of Xom.
   531 | D        | Found a basalt altar of Yredelemnul.
   532 | D        | Found a glowing silver altar of Zin.
   533 | D        | Found a glowing golden altar of the Shining One.
   570 | D        | Noticed a centaur
   570 | D        | Noticed a centaur
   570 | D        | Noticed a troll
   570 | D        | Noticed a crocodile
   570 | D        | Noticed a gargoyle
   708 | D        | Reached skill level 14 in Stealth
   718 | D        | Killed a gargoyle
   718 | D        | Reached skill level 20 in Stealth
   718 | D        | Reached XP level 5. HP: 19/38 MP: 5/5
   718 | D        | Reached XP level 6. HP: 22/44 MP: 6/6
   722 | D        | Reached * piety under Dithmenos
   723 | D        | Killed a troll
   726 | D        | Reached skill level 21 in Stealth
   726 | D        | Reached XP level 7. HP: 30/49 MP: 7/7
   930 | D        | Noticed a catoblepas
   930 | D        | Noticed a hungry ghost
   956 | D        | Reached ** piety under Dithmenos
   956 | D        | Reached skill level 22 in Stealth
  1057 | D        | Reached skill level 23 in Stealth
  1075 | D        | Killed a hungry ghost
  1142 | D        | Reached XP level 8. HP: 16/55 MP: 8/8
  1150 | D        | Mangled by a catoblepas

Vault maps used:
D:        linesprint

Skill      XL: |  1  2  3  4  5  6  7 |
---------------+----------------------+-----
Stealth        | 11 13 20 21 23 | 23.7
Fighting       | |  1.7
Short Blades   | |  2.1
Throwing       | |  1.5
Dodging        | |  1.1

Action                   |  1- 3 |  4- 6 |  7- 9 || total
-------------------------+-------+-------+-------++-------
Melee: Dagger            |    32 |    11 |       ||    43
       Bite              |     2 |     3 |     7 ||    12
       Rapier            |       |    17 |    46 ||    63
  Use: Potion            |       |     2 |     2 ||     4
       Scroll            |       |       |     2 ||     2
 Stab: Sleeping          |     1 |       |       ||     1
       Invisible         |       |     6 |     1 ||     7
Armor: Robe              |     7 |     1 |    17 ||    25
Dodge: Dodged            |    15 |    19 |    26 ||    60

Table legend:
 A = Spawn XP
 B = Non-spawn XP
 C = Spawn XP percentage of total XP
 D = Spawn monster count
 E = Non-spawn monster count
 F = Spawn count percentage of total count
 G = Total turns spent on level
                    A         B        C        D         E        F      G
               +---------+---------+-------+---------+---------+-------+---------
         Total |       0 |    1429 |   0.0 |       0 |      21 |   0.0 |  1150
               +---------+---------+-------+---------+---------+-------+---------
             D |       0 |    1429 |   0.0 |       0 |      21 |   0.0 |  1150
               +---------+---------+-------+---------+---------+-------+---------
